 Dungeon Crawl Stone Soup version 0.13.0-19-g8e0b589 (webtiles) character file.

19772 Kejsarherre the Shatterer (level 12, 0/104 HPs)
             Began as an Ogre Hunter on Oct 24, 2013.
             Was an Elder of the Shining One.
             Slain by a tentacled starspawn (32 damage)
             ... on Level 1 of the Abyss on Oct 25, 2013.
             The game lasted 00:36:31 (11022 turns).

Kejsarherre the Shatterer (Ogre Hunter)            Turns: 11022, Time: 00:36:31

HP   0/104       AC  9     Str 24      XL: 12   Next: 63%
MP  11/11        EV  7     Int 10      God: the Shining One [****..]
Gold 833         SH  0     Dex 10      Spells:  0 memorised, 11 levels left

Res.Fire  : . . .   See Invis. : .   y - +0,+4 giant spiked club
Res.Cold  : . . .   Warding    : .   C - +2 mottled dragon armour
Life Prot.: + + .   Conserve   : .   (shield restricted)
Res.Poison: .       Res.Corr.  : .   (helmet restricted)
Res.Elec. : .       Clarity    : .   (no cloak)
Sust.Abil.: . .     Spirit.Shd : .   (gloves unavailable)
Res.Mut.  : .       Stasis     : .   (boots unavailable)
Res.Rott. : .       Flight     : .   (no amulet)
Saprovore : + . .                    (no ring)
                                     K - -2 ring of evasion

@: glowing, somewhat resistant to hostile enchantments, very unstealthy
A: unfitting armour, fast metabolism 1, saprovore 1, tough skin 1
a: Divine Shield, Cleansing Flame, Renounce Religion


You were on level 1 of the Abyss.
You worshipped the Shining One. the Shining One was greatly pleased with you.
You were not hungry.

You visited 1 branch of the dungeon, and saw 12 of its levels.
You visited the Abyss 1 time.
You also visited: Ossuary.

You collected 813 gold pieces.

Inventory:

Hand weapons
 b - a cursed +0,+0 flail
 r - a cursed +0,+2 orcish mace
 y - a +0,+4 giant spiked club (weapon)
 I - a +0,+0 bow
Missiles
 w - 3 large rocks (quivered)
 D - 2 throwing nets
Armour
 C - a +2 mottled dragon armour (worn)
Comestibles
 f - 3 meat rations
 h - a cheese
 n - 4 bread rations
 u - a sausage
 B - a choko
 E - a lychee
 L - 11 sultanas
Scrolls
 k - a scroll of blinking
 o - 3 scrolls of fog
 s - 6 scrolls of identify
 t - a scroll of amnesia
 v - 4 scrolls of teleportation
 x - a scroll of enchant armour
 A - 5 scrolls of remove curse
 H - a scroll of immolation {unknown}
Jewellery
 K - a -2 ring of evasion (left hand)
Potions
 c - a potion of resistance
 e - 7 potions of curing
 i - 5 potions of agility
 j - 4 potions of restore abilities
 l - 2 potions of speed
 p - 2 potions of brilliance
 q - a potion of magic
 z - 3 potions of might
Books
 d - a book of the Tempests

   Spells                             Type                      Level
   Static Discharge                   Conjuration/Air              3
   Lightning Bolt                     Conjuration/Air              5
   Fireball                           Conjuration/Fire             5
   Tornado                            Air                          9
   Shatter                            Earth                        9
 m - a book of Wizardry

   Spells                             Type                      Level
   Summon Elemental                   Summoning                    4
   Agony                              Necromancy                   5
   Force Lance                        Conjuration                  5
   Fireball                           Conjuration/Fire             5
   Haste                              Charms                       6
   Invisibility                       Hexes                        6
Miscellaneous
 G - a fan of gales


   Skills:
 - Level 2.6 Fighting
 + Level 23.2 Maces & Flails
 - Level 4.3 Throwing
 - Level 1.7 Dodging
 - Level 0.7 Stealth


You had 11 spell levels left.
You didn't know any spells.

Dungeon Overview and Level Annotations

Branches:
Dungeon (12/27)            Temple (0/1) D:5             Orc (0/4) D:11
   Lair: D:8-13

Altars:
Fedhas
Makhleb
Sif Muna
Vehumet
the Shining One

Portals:
Trove: D:10 (give 2 potions of cure mutation)

Annotations:
D:9 1 exclusion
D:12 exclusion: oklob plant, Sonja


Innate Abilities, Weirdness & Mutations

You are too large for most types of armour.
You have a fast metabolism.
You can tolerate rotten meat.
You have tough skin (AC +1).


Message History

You bludgeon the starcursed mass!!
You destroy the starcursed mass!
The starcursed mass shrieks in your mind.
* * * LOW HITPOINT WARNING * * *
You puncture the starcursed mass!
The starcursed mass is moderately damaged.
You perforate the starcursed mass like a sieve!!!
You destroy the starcursed mass!
The tentacled starspawn closely misses you.
The tentacled starspawn engulfs you!
* * * LOW HITPOINT WARNING * * *
You puncture the tentacled starspawn!
The tentacled starspawn is lightly damaged.
You beat the tentacled starspawn like a drum!!!
The tentacled starspawn is severely damaged.
A tentacle flies out from the starspawn's body!
You sock the tentacled starspawn!
The tentacled starspawn is almost destroyed.
The tentacled starspawn bites you!
You die...

##### #.@w#
#w##X## ## .#.# #
## #w.#..#..# #
#.*##. . #X. #
##*..##X#..§.#X.##
** #.# .#..3X . #
#.X.w...### # # .#
#. ..* .## ≈


You could see a tentacled starspawn and 2 starspawn tentacles.

Vanquished Creatures
  A lich (Abyss:1)
  A white draconian (Abyss:1)
  Josephine (D:10)
  2 large abominations (Abyss:1)
  An unseen horror (D:12)
  The ghost of 4tharraofdagon the Cleaver, an experienced TrBe of Trog (D:8)
  2 cyclopes
  A feature mimic (D:10)
  A smoke demon (Abyss:1)
  An item mimic (D:10)
  2 ancient zymes (Abyss:1)
  An iron devil (Abyss:1)
  A hydra skeleton (D:10)
  2 two-headed ogres (D:10)
  An ice dragon skeleton (D:11)
  A wraith (D:10)
  10 yaks
  4 hippogriffs
  A shark (D:9)
  A trapdoor spider (D:11)
  A ynoxinul (Abyss:1)
  A hungry ghost (D:11)
  Grum (D:8)
  3 wyverns
  5 wolves
  3 orc warriors
  3 sky beasts
  3 phantoms
  2 ogres
  2 giant goldfish (D:9)
  3 ice beasts
  A water moccasin (D:10)
  Sigmund (D:2)
  Duvessa (D:5)
  3 centaurs
  A big kobold (D:12)
  3 gnoll sergeants
  Blork the orc (D:5)
  8 giant frogs
  A manticore zombie (D:8)
  An eye of draining (D:8)
  A hippogriff zombie (D:6)
  A cyclops skeleton (D:10)
  2 jellyfish (D:9)
  9 killer bees
  A wight (D:8)
  A troll skeleton (D:10)
  2 electric eels (D:9)
  A giant frog zombie (D:10)
  Dowan (D:5)
  2 big fish (D:9)
  7 crimson imps
  3 starcursed masses (Abyss:1)
  8 orc priests
  7 hounds
  4 goliath beetles
  7 orc wizards
  A two-headed ogre zombie (D:7)
  2 gnoll shamans (D:7)
  A water moccasin skeleton (D:9)
  3 scorpions (D:4)
  A basilisk skeleton (D:11)
  5 worker ants
  3 big kobold zombies
  An elf zombie (Ossuary)
  Ijyb (D:5)
  A sky beast zombie (D:8)
  4 mummies
  A hound zombie (D:10)
  A two-headed ogre simulacrum (D:10)
  2 hound skeletons (D:4)
  A worker ant zombie (D:10)
  15 adders
  33 gnolls
  A hound simulacrum (D:10)
  3 giant mites
  3 worms
  An iguana zombie (D:5)
  2 adder zombies (Ossuary)
  A human zombie (Ossuary)
  A giant eyeball (D:6)
  5 giant geckos
  2 oozes (D:2)
  19 orcs
  2 giant cockroaches
  3 gnoll zombies (Ossuary)
  13 hobgoblins
  20 jackals
  16 kobolds
  5 quokkas
  11 bats
  A giant mite zombie (D:5)
  7 giant newts
  A giant newt skeleton (D:5)
  5 giant spores
  8 goblins
  7 goblin zombies (Ossuary)
  A hobgoblin skeleton (D:5)
  4 hobgoblin zombies (Ossuary)
  A jackal skeleton (D:4)
  3 jackal zombies (Ossuary)
  2 kobold skeletons
  2 kobold zombies (Ossuary)
  4 orc zombies
  3 quokka zombies (Ossuary)
  10 rats
  3 rat zombies (Ossuary)
  3 ballistomycetes
390 creatures vanquished.

Vanquished Creatures (others)
  3 starspawn tentacles (Abyss:1)
  15 starspawn tentacle segments (Abyss:1)
18 creatures vanquished.

Grand Total: 408 creatures vanquished

Notes
Turn   | Place    | Note
--------------------------------------------------------------
     0 | D:1      | Kejsarherre, the Ogre Hunter, began the quest for the Orb.
     0 | D:1      | Reached XP level 1. HP: 20/20 MP: 0/0
    10 | D:1      | Reached XP level 2. HP: 19/28 MP: 1/1
   882 | D:2      | Reached XP level 3. HP: 35/35 MP: 2/2
   906 | D:2      | Found a burning altar of Makhleb.
   958 | D:2      | Noticed Sigmund
   976 | D:2      | Killed Sigmund
   976 | D:2      | Reached skill level 5 in Maces & Flails
   976 | D:2      | Reached XP level 4. HP: 22/44 MP: 3/3
  1043 | D:2      | Reached skill level 6 in Maces & Flails
  1124 | D:2      | Reached XP level 5. HP: 47/50 MP: 4/4
  1747 | D:3      | Found a blossoming altar of Fedhas.
  2024 | D:3      | Reached skill level 7 in Maces & Flails
  2123 | D:3      | Noticed an ogre
  2126 | D:3      | Killed an ogre
  2126 | D:3      | Reached skill level 8 in Maces & Flails
  2126 | D:3      | Reached XP level 6. HP: 58/58 MP: 5/5
  2167 | D:3      | Found a glowing golden altar of the Shining One.
  2179 | D:3      | Became a worshipper of the Shining One
  2428 | D:4      | Reached skill level 9 in Maces & Flails
  2623 | D:4      | Reached XP level 7. HP: 28/66 MP: 6/6
  3049 | D:4      | Reached skill level 10 in Maces & Flails
  3125 | D:5      | Entered Level 5 of the Dungeon
  3136 | D:5      | Found a staircase to the Ecumenical Temple.
  3154 | D:5      | Noticed Blork the orc
  3157 | D:5      | Noticed Ijyb
  3161 | D:5      | Killed Ijyb
  3168 | D:5      | Killed Blork the orc
  3374 | D:5      | Noticed Dowan
  3375 | D:5      | Noticed Duvessa
  3380 | D:5      | Killed Duvessa
  3381 | D:5      | Killed Dowan
  3381 | D:5      | Reached skill level 11 in Maces & Flails
  3454 | D:4      | Reached XP level 8. HP: 20/74 MP: 7/7
  3709 | D:5      | Acquired the Shining One's first power
  4297 | D:5      | Reached skill level 12 in Maces & Flails
  4579 | D:5      | Reached skill level 13 in Maces & Flails
  4899 | D:6      | Found a sand-covered staircase.
  4917 | Ossuary  | Entered an ossuary
  4997 | Ossuary  | Acquired the Shining One's second power
  5287 | D:6      | Reached XP level 9. HP: 80/80 MP: 8/8
  5609 | D:6      | Reached skill level 14 in Maces & Flails
  6120 | D:7      | Reached skill level 15 in Maces & Flails
  6567 | D:8      | Noticed 4tharraofdagon's ghost (experienced TrBe)
  6652 | D:8      | Noticed Grum
  6665 | D:8      | Reached skill level 16 in Maces & Flails
  6669 | D:8      | Killed Grum
  6815 | D:8      | Reached XP level 10. HP: 62/89 MP: 9/9
  6911 | D:8      | Reached skill level 17 in Maces & Flails
  7292 | D:8      | Killed 4tharraofdagon's ghost
  7363 | D:8      | Reached skill level 18 in Maces & Flails
  7508 | D:8      | Found a deep blue altar of Sif Muna.
  7676 | D:9      | Paralysed by an orc for 2 turns
  7876 | D:9      | Acquired the Shining One's third power
  8146 | D:9      | Reached skill level 19 in Maces & Flails
  8289 | D:9      | Reached XP level 11. HP: 44/96 MP: 10/10
  8428 | D:10     | Entered Level 10 of the Dungeon
  8802 | D:10     | Found a radiant altar of Vehumet.
  8840 | D:10     | Reached skill level 20 in Maces & Flails
  8873 | D:10     | Noticed Josephine
  8880 | D:10     | Killed Josephine
  9048 | D:10     | Found a portal to a secret trove of treasure.
  9418 | D:11     | Reached skill level 21 in Maces & Flails
  9474 | D:11     | Found a staircase to the Orcish Mines.
 10108 | D:12     | Noticed an unseen horror
 10114 | D:12     | Killed an unseen horror
 10114 | D:12     | Reached XP level 12. HP: 55/104 MP: 11/11
 10175 | D:12     | Noticed Sonja
 10445 | D:12     | Cast into the Abyss (Sonja)
 10445 | Abyss:1  | Found a corrupted altar of Lugonu.
 10480 | Abyss:1  | Noticed a white draconian
 10578 | Abyss:1  | Noticed a lich
 10585 | Abyss:1  | Reached skill level 22 in Maces & Flails
 10592 | Abyss:1  | Killed a lich
 10600 | Abyss:1  | Killed a white draconian
 10608 | Abyss:1  | Noticed a starcursed mass
 10614 | Abyss:1  | Found a corrupted altar of Lugonu.
 10637 | Abyss:1  | Noticed a starcursed mass
 10644 | Abyss:1  | Paralysed by accursed screaming for 1 turns
 10650 | Abyss:1  | Paralysed by accursed screaming for 1 turns
 10659 | Abyss:1  | Noticed a thrashing horror
 10673 | Abyss:1  | The Shining One protects you from harm!
 10673 | Abyss:1  | HP: 5/104 [thrashing horror (1)]
 10991 | Abyss:1  | Noticed a starcursed mass
 11001 | Abyss:1  | Noticed a tentacled starspawn
 11009 | Abyss:1  | Reached skill level 23 in Maces & Flails
 11011 | Abyss:1  | Killed a starcursed mass
 11016 | Abyss:1  | Killed a starcursed mass
 11018 | Abyss:1  | Killed a starcursed mass
 11022 | Abyss:1  | Slain by a tentacled starspawn

Action                   |  1- 3 |  4- 6 |  7- 9 | 10-12 || total
-------------------------+-------+-------+-------+-------++-------
Melee: Club              |    53 |    57 |       |       ||   110
       Mace              |       |    51 |    96 |       ||   147
       Giant spiked club |       |       |   216 |   374 ||   590
       Whip              |       |       |    16 |       ||    16
Throw: Large rock        |     8 |    33 |    78 |    50 ||   169
       Throwing net      |     2 |     1 |     2 |       ||     5
Evoke: Wand              |       |       |       |     2 ||     2
  Use: Scroll            |       |     7 |    15 |    14 ||    36
       Potion            |       |       |     1 |    10 ||    11
 Stab: Held in net/web   |     1 |       |       |       ||     1
       Sleeping          |       |     1 |       |       ||     1
